 Dungeon Crawl Stone Soup version 0.29-a0-1016-g236c7fd91e (webtiles) character file.

Game seed: 10641034409716503801

102 Manisian the Sneak (level 4, -10/21 HPs)
             Began as a Spriggan Enchanter on Aug 9, 2022.
             Killed by divine providence
             ... invoked by an orc priest
              (12 damage)
             ... on level 3 of the Dungeon.
             The game lasted 00:04:03 (2985 turns).

Manisian the Sneak (Spriggan Enchanter)             Turns: 2985, Time: 00:04:04

Health: -10/21     AC:  2    Str:  4    XL:     4   Next: 50%
Magic:  9/10       EV: 18    Int: 16    God:
Gold:   181        SH:  0    Dex: 17    Spells: 8/10 levels left

rFire   . . .      SeeInvis +   p - +4 dagger
rCold   . . .      Faith    .   (no shield)
rNeg    . . .      Spirit   .   b - +0 robe
rPois   .          Reflect  .   (helmet restricted)
rElec   .          Harm     .   (no cloak)
rCorr   .          Rampage  .   (gloves unavailable)
Will    .....                   (boots unavailable)
Stlth   +++.......              d - amulet of the acrobat
HPRegen 0.07/turn               (no ring)
MPRegen 0.12/turn               (no ring)

@: very quick
A: very small, no large weapons, unfitting armour, see invisible, speed 3
a: no special abilities


You were on level 3 of the Dungeon.
You visited 1 branch of the dungeon, and saw 3 of its levels.

You collected 181 gold pieces.

Inventory:

Hand Weapons
 a - a +1 dagger
 p - a +4 dagger (weapon)
Armour
 b - a +0 robe (worn)
Jewellery
 d - an amulet of the acrobat (around neck)
 k - a +6 ring of dexterity
Scrolls
 e - 3 scrolls of enchant armour {unknown}
 m - a scroll of identify
 o - a scroll of teleportation
Potions
 c - 3 potions of invisibility
 f - a potion of degeneration {unknown}
 g - 3 potions of curing
 h - a potion of magic {unknown}
 i - 2 potions of mutation {unknown}
 l - a potion of resistance {unknown}
 n - a potion of attraction {unknown}
 q - 2 potions of brilliance


   Skills:
 + Level 0.3 Fighting
 + Level 1.3 Short Blades
 + Level 3.0 Dodging
 * Level 6.0 Stealth
 + Level 3.5 Spellcasting
 + Level 4.5 Hexes
 + Level 0.2 Ice Magic


You had 8 spell levels left.
You knew the following spells:

 Your Spells              Type           Power      Damage    Failure   Level
a - Ensorcelled Hibernat  Hex/Ice        20%        N/A       10%         2

Your spell library contained the following spells:

 Spells                   Type           Power      Damage    Failure   Level
 Confusing Touch          Hex            17%        N/A       9%          3
 Tukima's Dance           Hex            17%        N/A       9%          3
 Magic Dart               Conj           8%         1d3       19%         1
 Dazzling Flash           Conj/Hex       20%        N/A       21%         3
 Searing Ray              Conj           4%         2d4       26%         2
 Fulminant Prism          Conj/Hex       5%         3d7       56%         4


Dungeon Overview and Level Annotations

Branches:
Dungeon (3/15)

Altars:


Innate Abilities, Weirdness & Mutations

You are very small and have problems with some larger weapons.
You are too small for most types of armour.
You have supernaturally acute eyesight. (SInv)
You cover ground extremely quickly. (Speed+++)


Message History

Aiming: Ensorcelled Hibernation (safe; 10% risk of failure)
Press: ? - help, Shift-Dir - straight line, f - orc warrior
Aim: an orc warrior, wielding a +0 short sword and wearing a +0 plate armour (wandering, hasn't noticed you, chance to affect: 44%)
The orc warrior shouts!
The orc warrior looks drowsy...
The orc priest shouts!
The orc warrior completely misses you.
The orc wizard shouts!
You hit the orc warrior but do no damage.
The orc wizard casts a spell at you. The puff of flame hits you!
Ouch! That really hurt!
The orc warrior completely misses you.
You are too injured to fight recklessly!
Unknown command.
Read: scroll of poison
Press: ? - help, Q - select action, (/) - cycle Dir - look around, f - activate Look: an orc warrior, wielding a +0 short sword and wearing a +0 plate armour The air fills with toxic fumes!
As you read the scroll of poison, it crumbles to dust.
The orc priest is engulfed in poison gas.
The orc priest is poisoned.
The orc warrior is engulfed in poison gas.
The orc warrior is poisoned.
The orc priest looks even sicker.
The orc warrior is engulfed in poison gas.
The orc warrior looks even sicker.
You are too injured to fight recklessly!
You hit the orc warrior.
The orc warrior is moderately wounded.
The orc warrior is engulfed in poison gas.
The orc warrior looks even sicker.
The orc warrior hits you with a +0 short sword!
* * * LOW HITPOINT WARNING * * *
The orc priest is engulfed in poison gas.
The orc priest looks even sicker.
The orc priest mumbles some strange prayers to Beogh against you.
Beogh smites you!
Ouch! That really hurt!
You die...

..............##.#
.#.........#..##.########
.##......#<#..##.§§§....#
.##......###.....§§####.#
.##......###.####§§#
.##..........####§§####§#
.................§§§§§§§.
.............####§§§§§§§.
.###....#...# ##@######..
.###....#...###§o# .
........#....#§§§#
###.#.......§§§§§#### #
........§§.§§§§.... #
.#..##§§o§§§§§##### ..
......§§§§§§§§##
##.####.##o§§§§§§§..# .
##....#.##..######


You could see an orc warrior (very poisoned), an orc priest (very poisoned) and
an orc wizard.

Vanquished Creatures
  A gnoll (D:1)
  3 adders
  A worm (D:2)
  An orc (D:3)
  8 ball pythons
  7 endoplasms
  A giant cockroach (D:2)
  11 goblins
  5 hobgoblins
  2 quokkas (D:1)
  2 bats
  4 frilled lizards
  9 kobolds
  2 rats
57 creatures vanquished.

Notes
Turn   | Place    | Note
-------+----------+-------------------------------------------
     0 | D:1      | Manisian the Spriggan Enchanter began the quest for the
                  | Orb.
     0 | D:1      | Reached XP level 1. HP: 9/9 MP: 5/5
   359 | D:1      | Reached XP level 2. HP: 13/13 MP: 6/6
   372 | D:1      | Learned a level 2 spell: Ensorcelled Hibernation
   836 | D:1      | Reached skill level 5 in Stealth
   836 | D:1      | Reached XP level 3. HP: 16/16 MP: 5/8
  1696 | D:2      | Reached XP level 4. HP: 21/21 MP: 6/10
  2415 | D:3      | Noticed an orc warrior
  2882 | D:3      | Reached skill level 6 in Stealth
  2985 | D:3      | Killed from afar by an orc priest

Illustrated notes

Levels and vault maps discovered:
D:1:      elethiomel_arrival_infinity_welcomes_careful_drivers, layout_basic,
          minmay_misc_feat_nine_boxes, nicolae_concentric_dashed_squares_wild,
          corner_web_ring
D:2:      layout_basic
D:3:      layout_basic, mainiacjoe_overflow_divided_tiny

Skill      XL: |  1  2  3  4 |
---------------+-------------+-----
Hexes          | 4 |  4.5
Spellcasting   | 3 |  3.5
Dodging        | 3 |  3.0
Stealth        | 5 6 |  6.0
Fighting       | |  0.3
Short Blades   | |  1.3
Ice Magic      | |  0.2

Action                   |  1- 3 |  4- 6 || total
-------------------------+-------+-------++-------
Melee: Dagger            |    69 |    39 ||   108
 Cast: Ensorcelled Hiber |    24 |    16 ||    40
  Use: Scroll            |     3 |     5 ||     8
 Stab: Sleeping          |    20 |    15 ||    35
Armor: Robe              |     5 |       ||     5
Dodge: Dodged            |    63 |    21 ||    84

Table legend: (Time is in decaauts)
 A = Elapsed time spent in this place.
 B = Non-inter-level travel time spent in this place.
 C = Inter-level travel time spent in this place.
 D = Time resting spent in this place.
 E = Time spent auto-exploring this place.
 F = Levels seen in this place.
 G = Mean time per level.
                   A        B        C        D        E       F      G
               +--------+--------+--------+--------+--------+-----+--------+
         Total |   2295 |   2225 |     70 |    100 |   1770 |   3 |  765.0 |
       Dungeon |   2295 |   2225 |     70 |    100 |   1770 |   3 |  765.0 |
               +--------+--------+--------+--------+--------+-----+--------+

Top non-repeatable levels by time:
     D:1: 1058 daAuts
     D:2: 959 daAuts
     D:3: 277 daAuts
